[Event "Polish University-ch Open 2024"]
[Site "Lublin"]
[Date "2024.02.24"]
[Round "7.1"]
[White "Kosakowski, Jakub"]
[Black "Kowalski, Igor"]
[Result "1-0"]
[ECO "B06"]
[WhiteElo "2482"]
[BlackElo "2372"]
[Annotator "TA"]
[PlyCount "98"]
[EventDate "2024.02.22"]
[EventType "swiss"]
[EventCountry "POL"]
[SourceTitle "playchess.com"]
[Source "ChessBase"]
[SourceQuality "1"]
[TimeControl "600+3"]

1. e4 g6 2. d4 Bg7 3. Nf3 d6 4. h3 a6 5. Bd3 Nf6 6. O-O {[%emt 0:00:04] B06: Modern Defence.} O-O 7. Re1 Nc6 8. c3 e5 9. d5 Ne7 10. c4 c5 $146 ({Predecessor:} 10... Nh5 11. Nc3 Nf4 12. Bxf4 exf4 13. Qd2 g5 14. e5 dxe5 15. Nxe5 Qd6 16. Nf3 h6 17. Bc2 Ng6 18. Rad1 Qb4 19. Bd3 Bd7 20. a3 Qb3 21. c5 Rfe8 {½-½ Miranovic,R (2358)-Nadj Hedjesi,B (2276) Vojvodina-chT 2nd League 2018 (8.3)}) 11. Nc3 Nh5 12. Rb1 h6 13. Bd2 Nf4 14. Bxf4 exf4 15. e5 dxe5 16. Nxe5 Nf5 17. Qd2 g5 18. Nf3 $1 Nd4 19. Nxd4 Bxd4 20. Bc2 f5 21. b4 Qd6 $2 (21... b6 $16 {was called for.}) 22. Na4 (22. bxc5 $142 Bxc5 23. Na4) 22... b6 (22... f3 $142 23. Rb3 (23. gxf3 $2 {perishes.} Qg3+ 24. Kf1 Qxh3+ 25. Ke2 Re8+ 26. Kd1 Bd7 $19) 23... b6 24. bxc5 (24. Rxf3 Bd7 $16) 24... bxc5) 23. bxc5 $18 Bxc5 $2 (23... bxc5 24. Rb6 Qd8 25. Rg6+ (25. Rxh6 Rf6 $18) 25... Kh7) 24. Nxc5 $18 Qxc5 25. d6 Bd7 (25... Ra7 $142 26. Rbd1 Rg7) 26. Re7 $18 Rf7 27. Rbe1 Raf8 28. R7e5 Qc8 29. Qd4 Kh7 30. Qxb6 f3 31. gxf3 Qa8 32. Qe3 Kg7 33. Re7 g4 34. hxg4 fxg4 35. Qe4 (35. Qd3 $142 Kh8 36. Qg6 Qxf3 37. Qxh6+ Kg8 38. Bh7+ Kh8 39. Be4+ Kg8 40. Bxf3) 35... Qxe4 $18 36. Bxe4 (36. fxe4 Rxe7 37. dxe7 Rf7 $16) 36... Rxe7 37. dxe7 Re8 38. fxg4 Kf6 $2 (38... Rxe7 39. f3 Re5) 39. Bf3 $2 (39. Bf5 Bxf5 40. gxf5 Kxf5 41. Kg2) 39... Rxe7 $2 (39... Be6 40. c5 (40. Bd5 Bxg4 41. Rb1 Rxe7 $18) 40... Rxe7) 40. Rxe7 $18 Kxe7 41. Kg2 Be6 42. Be2 Kd6 43. f4 Kc5 44. Kf3 Kd4 45. f5 Bf7 46. Kf4 a5 47. a4 Be8 48. f6 Bg6 49. Bd3 Bf7 1-0

[Event "Polish University-ch Open 2024"]
[Site "Lublin"]
[Date "2024.02.24"]
[Round "7.2"]
[White "Snihur, Piotr"]
[Black "Janik, Igor"]
[Result "0-1"]
[ECO "B15"]
[WhiteElo "2278"]
[BlackElo "2499"]
[Annotator "RC"]
[PlyCount "93"]
[EventDate "2024.02.22"]
[EventType "swiss"]
[EventCountry "POL"]
[SourceTitle "playchess.com"]
[Source "ChessBase"]
[SourceQuality "1"]
[TimeControl "600+3"]

1. e4 c6 2. d4 d5 3. Nc3 a6 4. h3 dxe4 5. Nxe4 Bf5 6. Ng3 Bg6 7. h4 h6 8. Nf3 e6 9. h5 Bh7 10. Bd3 Bxd3 11. Qxd3 Nf6 12. Bd2 c5 13. O-O-O Nc6 14. Be3 Qa5 15. a3 O-O-O 16. Qb3 Nd5 17. Ne4 Nxe3 18. fxe3 Be7 19. d5 c4 20. Qc3 exd5 21. Qxa5 Nxa5 22. Nc3 Bc5 23. Nxd5 Rhe8 24. Rhe1 Nc6 25. e4 f6 26. Nf4 Rxd1+ 27. Kxd1 b5 28. c3 Bd6 29. Nd5 Ne5 30. Nxe5 Rxe5 31. g4 Bc5 32. Re2 Kd7 33. Kc2 Kc6 34. b4 cxb3+ 35. Kxb3 Rg5 36. Rg2 f5 37. Nb4+ Bxb4 38. axb4 fxg4 39. c4 g3 40. cxb5+ Kxb5 41. Kc3 g6 42. hxg6 h5 43. Kd4 h4 44. e5 Rxg6 45. Kd5 h3 46. Rc2 h2 47. e6 0-1

[Event "Polish University-ch Open 2024"]
[Site "Lublin"]
[Date "2024.02.24"]
[Round "7.3"]
[White "Szpar, Milosz"]
[Black "Psyk, Radoslaw"]
[Result "1-0"]
[ECO "C10"]
[WhiteElo "2495"]
[BlackElo "2461"]
[Annotator "RC"]
[PlyCount "119"]
[EventDate "2024.02.22"]
[EventType "swiss"]
[EventCountry "POL"]
[SourceTitle "playchess.com"]
[Source "ChessBase"]
[SourceQuality "1"]
[TimeControl "600+3"]

1. e4 e6 2. d4 d5 3. Nc3 Nf6 4. Bg5 dxe4 5. Nxe4 Nbd7 6. Nf3 h6 7. Nxf6+ Nxf6 8. Be3 Bd6 9. Bd3 O-O 10. Qd2 Nd5 11. O-O-O b6 12. Ne5 Nxe3 13. Qxe3 Bb7 14. f4 Bxe5 15. dxe5 Qe7 16. Rhg1 Rad8 17. g4 Qc5 18. Qg3 g6 19. Kb1 Rd5 20. Qh4 Rfd8 21. f5 Ba6 22. fxg6 fxg6 23. Qxh6 Bxd3 24. cxd3 Qe7 25. Qxg6+ Qg7 26. Qxe6+ Qf7 27. Qf5 Re8 28. e6 Qxe6 29. Qf4 Qe3 30. Qc4 Qc5 31. Qxc5 Rxc5 32. Rc1 Rd5 33. Rxc7 Rxd3 34. Rxa7 Rd2 35. Rb7 Re6 36. Rc1 Rd8 37. a3 Kf8 38. Ka2 Rh6 39. Rc2 Kg8 40. g5 Rh5 41. g6 b5 42. Rcc7 Rxh2 43. Rg7+ Kh8 44. Rh7+ Rxh7 45. Rxh7+ Kg8 46. Rb7 Rd5 47. Kb3 Rg5 48. Kb4 Kf8 49. g7+ Kg8 50. Rxb5 Rg4+ 51. Ka5 Kxg7 52. Rf5 Kg6 53. Rf2 Rg3 54. Ka4 Rg4+ 55. b4 Kg7 56. Ka5 Rc4 57. a4 Rc8 58. b5 Ra8+ 59. Kb4 Rb8 60. a5 1-0

[Event "Polish University-ch Open 2024"]
[Site "Lublin"]
[Date "2024.02.24"]
[Round "7.4"]
[White "Baum, Jonasz"]
[Black "Walter, Szymon"]
[Result "1/2-1/2"]
[ECO "E20"]
[WhiteElo "2400"]
[BlackElo "2305"]
[Annotator "RC"]
[PlyCount "100"]
[EventDate "2024.02.22"]
[EventType "swiss"]
[EventCountry "POL"]
[SourceTitle "playchess.com"]
[Source "ChessBase"]
[SourceQuality "1"]
[TimeControl "600+3"]

1. d4 Nf6 2. c4 e6 3. Nc3 Bb4 4. g3 O-O 5. Bg2 d6 6. Nf3 Nbd7 7. Bd2 Qe7 8. a3 Bxc3 9. Bxc3 Ne4 10. Qc2 Nxc3 11. Qxc3 e5 12. O-O c6 13. Rfd1 e4 14. Nd2 Nf6 15. Nf1 d5 16. Ne3 Be6 17. b3 Qd7 18. Rac1 Rac8 19. Qb4 Rfd8 20. f3 exf3 21. exf3 Re8 22. c5 Bh3 23. Re1 Bxg2 24. Kxg2 Re7 25. Nc2 Rce8 26. Rxe7 Rxe7 27. Re1 Rxe1 28. Nxe1 h5 29. Nd3 Qf5 30. Qd2 Nh7 31. h4 Nf8 32. Nf4 Ne6 33. Nxe6 Qxe6 34. b4 Kh7 35. a4 Qf5 36. b5 Qb1 37. bxc6 bxc6 38. Kf2 Qa1 39. a5 Kg8 40. Kg2 Qa4 41. g4 hxg4 42. fxg4 Qa1 43. h5 Qb1 44. Kg3 Qg1+ 45. Kf3 Qf1+ 46. Kg3 Qg1+ 47. Kh4 Qh1+ 48. Kg3 Qg1+ 49. Kh3 Qh1+ 50. Kg3 Qg1+ 1/2-1/2

[Event "Polish University-ch Open 2024"]
[Site "Lublin"]
[Date "2024.02.24"]
[Round "7.5"]
[White "Mis, Mieszko"]
[Black "Klepek, Witold"]
[Result "1-0"]
[ECO "A38"]
[WhiteElo "2325"]
[BlackElo "2262"]
[Annotator "RC"]
[PlyCount "103"]
[EventDate "2024.02.22"]
[EventType "swiss"]
[EventCountry "POL"]
[SourceTitle "playchess.com"]
[Source "ChessBase"]
[SourceQuality "1"]
[TimeControl "600+3"]

1. Nf3 Nf6 2. c4 g6 3. b3 Bg7 4. Bb2 c5 5. g3 O-O 6. Bg2 Nc6 7. O-O d6 8. Nc3 e5 9. d3 h6 10. Nd2 Be6 11. Nde4 Ne8 12. Nd5 Bxd5 13. cxd5 Ne7 14. Nc3 a6 15. a3 f5 16. b4 cxb4 17. axb4 Nc7 18. Qb3 Qd7 19. Rfc1 Rfc8 20. Na4 Qb5 21. Nc3 Qd7 22. Rc2 Nb5 23. Nxb5 Qxb5 24. Rc4 a5 25. Bc3 a4 26. Qa2 Kh7 27. Bd2 e4 28. Rac1 Qxd5 29. dxe4 Qf7 30. exf5 Nxf5 31. e3 b5 32. Bxa8 Rxc4 33. Rd1 Qc7 34. Bd5 Rc2 35. Qa3 Bb2 36. Qd3 Bc1 37. Be1 Ne7 38. Be4 Rc4 39. h4 h5 40. g4 hxg4 41. h5 a3 42. hxg6+ Kg7 43. Qb1 a2 44. Qa1+ Kg8 45. Bd3 g3 46. Bxc4+ Qxc4 47. Rxc1 gxf2+ 48. Bxf2 Qg4+ 49. Kf1 Qh3+ 50. Ke1 Qh1+ 51. Kd2 Qd5+ 52. Qd4 1-0

[Event "Polish University-ch Open 2024"]
[Site "Lublin"]
[Date "2024.02.24"]
[Round "7.6"]
[White "Szustakowski, Antoni"]
[Black "Kulesza, Andrzej"]
[Result "0-1"]
[ECO "E60"]
[WhiteElo "2354"]
[BlackElo "2076"]
[Annotator "TA"]
[PlyCount "120"]
[EventDate "2024.02.22"]
[EventType "swiss"]
[EventCountry "POL"]
[SourceTitle "playchess.com"]
[Source "ChessBase"]
[SourceQuality "1"]
[TimeControl "600+3"]

1. Nf3 Nf6 2. g3 g6 3. Bg2 Bg7 4. b3 O-O 5. Bb2 d6 6. d4 Nbd7 7. O-O Re8 8. c4 c6 9. Nc3 Qc7 10. e4 e5 11. d5 a5 12. a3 (12. Ba3 $14) 12... Rf8 {[%emt 0:00:35] Die Stellung ist ausgeglichen.} 13. b4 ({Besser ist} 13. Re1 $11) 13... axb4 14. axb4 Rxa1 15. Qxa1 Ne8 (15... cxd5 $11 16. Nxd5 Nxd5 17. cxd5 Qc2) 16. Qa7 $16 c5 17. Nb5 Qb6 (17... Qd8 $142) 18. bxc5 Qxc5 19. Ba3 Qxc4 20. Nxd6 Nxd6 21. Bxd6 Re8 22. Nd2 Qc2 23. Qe3 f5 24. exf5 gxf5 25. Nf3 Qc4 (25... Qb2 $16) 26. Nh4 (26. Rc1 $1 $18 Qa6 27. Bc7) 26... Nf6 {[%emt 0:00:19] [#]} 27. Rc1 $1 (27. Bxe5 $2 Ng4 (27... Nxd5 $2 28. Qd2 $18) 28. Qg5 Nxe5 $19) 27... Qd4 28. h3 (28. Bxe5 $16 Qxe3 29. fxe3) 28... Qxe3 $11 29. fxe3 e4 30. Rf1 (30. Bf1 $1 $14 {behält die Oberhand.}) 30... Nxd5 $17 31. Bc5 (31. Nxf5 $17 {ist wohl besser.} Bxf5 32. Rxf5 Nxe3 33. Rb5) 31... b6 $36 {[%emt 0:00:05][%mdl 2048] Schwarz bestimmt, wo es lang geht.} 32. Bd4 Bxd4 33. exd4 Ne3 34. Re1 Nxg2 35. Nxg2 $17 {[%emt 0:00:01][%mdl 4096] Endspiel. KRB-KRN} Rd8 36. Rd1 Kf7 37. Kf2 $1 Kf6 (37... Bd7 $15 {war vorzuziehen.} 38. Ra1 Rc8) 38. Ke3 Be6 39. Rb1 Rg8 40. Kf2 (40. Kf4 $11) 40... Rb8 41. Rb5 (41. Ke3 $17) 41... Bc4 $19 42. Rb4 b5 43. Ne3 Rc8 44. Ke1 Bd3 45. Kd2 Rg8 46. g4 fxg4 (46... f4 $142 47. Nd5+ Kg5 48. h4+ Kxh4 (48... Kxg4 49. Nf6+ Kg3 50. Nxg8 $11) 49. Nxf4 Bc4 (49... Kxg4 50. Nxd3 exd3 51. Rxb5 $11)) 47. hxg4 Kg5 48. d5 Rd8 (48... Kf6 $142 {...Ke5 ist eine echte Drohung.} 49. d6 Rd8) 49. Rd4 ({Vorzuziehen ist} 49. Kc3) 49... Kf4 {[%emt 0:00:08] Zielt auf ...Ke5 ab.} 50. d6 Ke5 51. Nf5 h5 52. Ke3 {[%emt 0:00:01] [#]} hxg4 (52... Rd7 $1 $17 53. Nh6 h4 (53... Rxd6 $2 {ist das falsche Schlagen.} 54. Nf7+ Ke6 55. Nxd6 $18)) 53. Ne7 $2 {[%emt 0:00:02][%mdl 8192] Der Zug kostet die Partie für Weiß.} (53. Nh6 $11 Ke6 (53... Rxd6 $2 {geht unter.} 54. Nf7+ Ke6 55. Nxd6 $18) 54. Nxg4) 53... Rxd6 {[%emt 0:00:04] Schwarz setzt Matt.} 54. Rxd6 Kxd6 {[%emt 0:00:01] KB-KN} 55. Nf5+ Kc5 56. Kd2 b4 57. Ne3 g3 58. Ng2 Kd4 59. Kc1 Kc3 60. Ne3 b3 {[%emt 0:00:01] Gewichteter Fehlerwert: Weiß=0.38/Schwarz=0.22 (präzise) .  Verlustzug:     	Weiß=1     	---        Fehler:       	Weiß=9     	Schwarz=7     Ungenau:       	Weiß=3     	Schwarz=9     OK:         	Weiß=9     	Schwarz=10    Bester:       	Weiß=3     	Schwarz=5     Stark:        	Weiß=2     	---} 0-1

[Event "Polish University-ch Open 2024"]
[Site "Lublin"]
[Date "2024.02.24"]
[Round "7.7"]
[White "Suder, Jakub"]
[Black "Namyslak, Piotr"]
[Result "1-0"]
[ECO "D10"]
[WhiteElo "2333"]
[BlackElo "1763"]
[Annotator "TA"]
[PlyCount "99"]
[EventDate "2024.02.22"]
[EventType "swiss"]
[EventCountry "POL"]
[SourceTitle "playchess.com"]
[Source "ChessBase"]
[SourceQuality "1"]
[TimeControl "600+3"]

1. d4 d5 2. c4 c6 3. cxd5 cxd5 4. Bg5 Qb6 5. Nc3 e6 6. Qd2 Nc6 7. e3 Be7 8. Bxe7 {[%emt 0:00:10] White is slightly better.} Ngxe7 9. Bd3 Bd7 10. Nf3 h6 11. Rc1 Rc8 12. O-O O-O 13. Bb1 Qb4 14. a3 Qd6 15. b4 a6 16. Qd3 $40 {[%emt 0:00:49][%mdl 128] White attacks.} f5 17. Qd1 Na7 18. Bd3 Bb5 19. Bxb5 Nxb5 20. Nxb5 axb5 21. Qd3 Qa6 22. h4 (22. Rc5 $16) 22... Rxc1 $11 23. Rxc1 Rc8 (23... Nc8 $1 $14) 24. Rxc8+ (24. Rc5 $16) 24... Nxc8 $16 {[%emt 0:00:01][%mdl 4096] Endgame. KQN-KQN} 25. Ne5 Nd6 26. g4 Nc4 $2 {[%emt 0:01:15] This costs Black the game.} (26... Qb6 $14) 27. gxf5 $18 Qxa3 (27... exf5 {was necessary.} 28. Qxf5 Nxe5 29. Qxe5 (29. dxe5 Qxa3 30. e6 Qc1+ 31. Kg2 Qc7 $18) 29... Qc6) 28. Qxa3 Nxa3 29. fxe6 {[%emt 0:00:01] Intending e7 and mate. KN-KN} Kf8 30. Ng6+ Ke8 {[%emt 0:00:01] [#]} 31. Nf4 $1 Ke7 32. Kf1 (32. Nxd5+ Kxe6 33. Nc3 Nc2 $18) 32... Nc2 33. Nxd5+ Kxe6 34. Nc7+ Kd7 35. Nxb5 Nxb4 36. Ke2 Nd5 37. e4 Nf4+ (37... Kc6) 38. Kf3 Ne6 (38... g5 $142 39. hxg5 hxg5) 39. Ke3 g6 40. d5 Nc5 41. Kd4 b6 42. f4 Ke7 43. Nc3 Nb3+ 44. Ke5 {[%emt 0:00:04] [#] Threatens to win with d6+.} Nd2 45. d6+ Kd7 46. Kd5 {[%emt 0:00:01] e5 would kill now.} Nf3 47. e5 {[%emt 0:00:01][%cal Be4e5,Be5e6,Be6e7][%mdl 32] White mates.} Nxh4 48. e6+ Kd8 49. e7+ Kd7 50. Ne4 {[%emt 0:00:02] Weighted Error Value: White=0.12 (very precise) /Black=0.42.  Mistake:       	White=2     	Black=5      Inaccurate:     	White=1     	Black=3      OK:         	White=14    	Black=11     Best:        	White=2     	Black=3      Strong:       	White=1     	---} 1-0

[Event "Polish University-ch Open 2024"]
[Site "Lublin"]
[Date "2024.02.24"]
[Round "7.8"]
[White "Dalkowski, Rafal"]
[Black "Dzida, Kamil"]
[Result "1/2-1/2"]
[ECO "E15"]
[WhiteElo "2093"]
[BlackElo "2403"]
[Annotator "TA"]
[PlyCount "118"]
[EventDate "2024.02.22"]
[EventType "swiss"]
[EventCountry "POL"]
[SourceTitle "playchess.com"]
[Source "ChessBase"]
[SourceQuality "1"]
[TimeControl "600+3"]

1. d4 Nf6 2. c4 e6 3. Nf3 b6 4. g3 Ba6 5. Qc2 Bb7 6. Bg2 c5 7. d5 {[%emt 0:00:01] E15: Queen's Indian: 4 g3 sidelines, 4 g3 Ba6 and 4 g3 Bb7 early deviations.} exd5 8. cxd5 Nxd5 9. O-O Be7 {[%emt 0:00:01] Against Ng5} 10. Rd1 {[%emt 0:00:09] Strongly threatening Qe4.} Nc6 11. Qf5 $1 {[%emt 0:00:05][%mdl 4] is now more promising than 11.Qa4.} (11. Rxd5 Nb4 12. Qd1 Bxd5 $17 (12... Nxd5 13. Ne1 $16)) 11... Nf6 12. e4 g6 13. Qf4 O-O 14. Nc3 d6 15. e5 (15. b3 $11 {remains equal.}) 15... dxe5 $146 ({Don't play} 15... Nxe5 16. Nxe5 Bxg2 (16... dxe5 $2 {is the wrong capture.} 17. Rxd8 exf4 18. Rxf8+ Kxf8 19. Bxb7 $18) 17. Kxg2 dxe5 18. Qxe5 $15) ({Predecessor:} 15... Nxe5 16. Nxe5 Bxg2 17. Kxg2 dxe5 18. Qxe5 Qe8 19. Qc7 Rc8 20. Qxa7 Qc6+ 21. f3 Rfe8 {0-1 Xiu,D (2554)-Liu,G (2453) CHN Team Beijing 2017 (7.2)}) 16. Nxe5 Qc8 17. Be3 Nxe5 18. Qxe5 Re8 19. Nd5 Nxd5 20. Bxd5 Bf8 21. Qf4 Bxd5 22. Rxd5 Rd8 23. Rad1 Rxd5 24. Rxd5 Bg7 25. b3 Qe6 26. Qf3 Re8 27. h4 h5 28. Qd1 $2 (28. a4 $17 {keeps fighting.}) 28... Bd4 $1 $19 29. Rxd4 cxd4 30. Qxd4 Qe4 {[%emt 0:00:20] aiming for ...Qxd4.} 31. Qf6 Qe7 32. Qc3 Rd8 33. Bh6 f6 34. Qc2 {[%emt 0:00:20] Repels Rd1+} Kh7 35. Be3 Qd7 {[%emt 0:00:11] Threatens to win with ...Qd1+.} 36. Qc3 Qf5 {[%emt 0:00:15] White must now prevent ...Rd1+.} 37. Qc4 Rd7 {[%emt 0:00:11] Repels Qf7+} 38. Kh2 g5 39. hxg5 fxg5 40. Qc6 Rf7 41. Qd6 Qg6 42. Qe5 Rf5 43. Qe7+ Qf7 44. Qe4 Kg6 45. Qc6+ Rf6 46. Qe4+ {[%emt 0:00:02] [#]} Kh6 $1 47. Qe5 Rxf2+ 48. Bxf2 Qxf2+ 49. Kh1 Qf1+ (49... Qxa2 $6 50. Qf6+ Kh7 51. Qxg5 $11) 50. Kh2 Qf2+ 51. Kh1 Kg6 (51... Qxa2 $6 52. Qf6+ Kh7 53. Qxg5 $11) 52. Qe8+ Qf7 53. Qe4+ Kh6 54. Qe5 Qf1+ 55. Kh2 Qf2+ 56. Kh1 Kg6 ({But not} 56... Qxa2 $6 57. Qf6+ Kh7 58. Qe7+ Kg6 59. Qe6+ Kg7 60. Qe7+ Kg6 61. Qe6+ Kg7 62. Qe7+ Kg8 63. Qe8+ Kg7 64. Qe7+ $11) (56... Qf3+ $17 57. Kh2 g4 58. Qd6+ Kg5 59. Qe5+ Kg6 60. Qe6+ Qf6 61. Qe8+ Kg5 62. Qe3+ Kg6) 57. Qe8+ $1 $11 Qf7 ({Black should play} 57... Kg7 $11) 58. Qe4+ $15 Qf5 59. Qe8+ Qf7 (59... Kf6 $17 60. Qxh5 Qb1+ 61. Kh2 Qxa2+ 62. Kh3 Qxb3 63. Qh6+ Kf7 64. Qh7+ Kf6) 1/2-1/2

[Event "Polish University-ch Open 2024"]
[Site "Lublin"]
[Date "2024.02.24"]
[Round "7.9"]
[White "Golecki, Jan"]
[Black "Chylewski, Patryk"]
[Result "0-1"]
[ECO "B53"]
[WhiteElo "2185"]
[BlackElo "2285"]
[Annotator "TA"]
[PlyCount "170"]
[EventDate "2024.02.22"]
[EventType "swiss"]
[EventCountry "POL"]
[SourceTitle "playchess.com"]
[Source "ChessBase"]
[SourceQuality "1"]
[TimeControl "600+3"]

1. e4 c5 2. Nf3 d6 3. d4 cxd4 4. Qxd4 a6 5. c4 Nc6 6. Qe3 g6 7. Be2 Bg7 8. O-O Bg4 {[%emt 0:00:07] Die Stellung ist ausgeglichen.} 9. Nc3 Nf6 10. Rd1 Nd7 11. b3 O-O 12. Rb1 Bxf3 13. Bxf3 b5 14. Be2 bxc4 15. Bxc4 Nb6 16. Be2 a5 17. Bb2 Qc7 18. Nd5 (18. h4 $16) 18... Nxd5 $11 19. exd5 Ne5 20. Bb5 (20. a4 $5) 20... Ng4 21. Qe2 Bxb2 22. Rxb2 Nf6 {[%emt 0:00:02] Schwarz ist schwach auf den weissen Feldern} 23. Rc2 Qd8 24. Bc6 Ra7 25. Qe3 Qb8 26. f3 {[%emt 0:00:23] Gegen Ng4 gerichtet.} Rc7 27. g4 Qa7 28. Kf2 (28. Qxa7 {vereinfacht} Rxa7 29. Rc4 Nd7 30. Bxd7 Rxd7 31. Rdc1) 28... Rfc8 29. Qxa7 Rxa7 30. Rc4 Nd7 31. Bxd7 Rxc4 32. bxc4 Rxd7 {[%emt 0:00:53][%mdl 4096] Endspiel. KR-KR} 33. Rb1 Rc7 34. Rb5 Rxc4 35. Rxa5 g5 36. Ra7 Kf8 37. a4 Rc5 38. Ra8+ Kg7 39. Rb8 Rxd5 40. Rb5 Rd2+ 41. Ke3 Rxh2 42. Rxg5+ Kf6 43. Rh5 (43. Rf5+ $11 Kg6 44. Ra5) 43... Ra2 $2 (43... Rxh5 $19 44. gxh5 Ke5 45. f4+ Kd5) 44. a5 Ra3+ 45. Ke4 (45. Kf2 $142) 45... e6 $17 46. Rb5 (46. Rxh7 $17 {ist wohl besser.} d5+ (46... Rxa5 47. f4 $17) 47. Kd4) 46... d5+ $19 47. Kf4 h6 48. Kg3 Ke5 (48... Ra1 $19 49. Kf2 Kg5) 49. Rb7 $17 f6 ({Vorzuziehen ist} 49... f5 $17 {...f4+ ist eine echte Drohung.} 50. gxf5 Kxf5) 50. Rb5 (50. Ra7 $1 $15) 50... Ra2 $2 (50... f5 $19 {Zielt auf ...fxg4 ab.} 51. gxf5 Kxf5) 51. Kh4 (51. f4+ $15 Ke4 52. Rb6 Ra3+ (52... Rxa5 53. Rxe6+ Kd4 54. Rxf6 $16) 53. Kf2) 51... Kf4 $19 {[%emt 0:00:02][%cal Ra2h2] [#]} 52. Kh5 Rh2+ $2 (52... Kxf3 $19 {Droht ...d4 und aus.} 53. Rb6 Rxa5) 53. Kg6 $11 Kxf3 {[%emt 0:00:01] Und jetzt ...Ra2 wäre schön.} 54. Kxf6 d4 55. Kxe6 d3 56. Rd5 Ke3 {[%emt 0:00:04] Weiss muss nun ...d2 beachten.} 57. Kf6 $2 {[%emt 0:00:05][%mdl 8192] Schwarz bringt die Sache ungefährdet zu Ende.} (57. Re5+ $15 Kd4 58. Rd5+ Kc4 59. Rd6) 57... Rg2 (57... Rh1 $142 58. g5 hxg5) 58. Kf5 Rg1 {[%emt 0:00:02] ( -> ...d2)} 59. Kg6 Rxg4+ {[%emt 0:00:01] Schwarz setzt Matt.} 60. Kxh6 d2 61. a6 Ra4 62. Rd6 {[%emt 0:00:02] [#]} Rxa6 $3 63. Rxa6 d1=Q {[%emt 0:00:01] KQ-KR} ({Nicht} 63... d1=B 64. Re6+ Kf4 65. Re1 $11) 64. Re6+ Kf4 65. Kg6 Qg4+ 66. Kf6 Qg5+ 67. Kf7 Kf5 68. Rd6 Qh5+ 69. Ke7 Qh7+ 70. Kd8 Ke5 71. Rd7 Qg8+ 72. Kc7 Qf8 73. Kb7 Qc5 74. Rd8 Ke6 75. Rc8 Qb5+ 76. Kc7 Ke7 77. Rb8 Qc5+ 78. Kb7 Kd7 79. Ka6 Qa3+ 80. Kb6 Qb4+ 81. Ka7 Qa5+ 82. Kb7 Qd5+ 83. Ka7 Kc7 84. Rb6 Qc5 85. Ka8 Kxb6 {[%emt 0:00:02] Gewichteter Fehlerwert: Weiß=0.73/Schwarz=0.43.  Verlustzug:     	Weiß=3     	---        Gewinn verpasst:   	---       	Schwarz=2     Fehler:       	Weiß=4     	Schwarz=3     Ungenau:       	Weiß=4     	Schwarz=4     OK:         	Weiß=11    	Schwarz=16    Bester:       	Weiß=6     	Schwarz=6} 0-1

[Event "Polish University-ch Open 2024"]
[Site "Lublin"]
[Date "2024.02.24"]
[Round "7.10"]
[White "Golenia, Wojciech"]
[Black "Pytel, Maciej"]
[Result "1/2-1/2"]
[ECO "A25"]
[WhiteElo "2212"]
[BlackElo "1965"]
[Annotator "RC"]
[PlyCount "116"]
[EventDate "2024.02.22"]
[EventType "swiss"]
[EventCountry "POL"]
[SourceTitle "playchess.com"]
[Source "ChessBase"]
[SourceQuality "1"]
[TimeControl "600+3"]

1. c4 e5 2. Nc3 Nc6 3. g3 d6 4. Bg2 Be6 5. d3 Qd7 6. Rb1 Nge7 7. Nd5 Nd8 8. b4 c6 9. Nxe7 Bxe7 10. Nf3 Bh3 11. O-O Bxg2 12. Kxg2 Ne6 13. Bb2 O-O 14. c5 f6 15. cxd6 Qxd6 16. Qb3 Qd5 17. Qxd5 cxd5 18. a3 Rfc8 19. Rfc1 Kf7 20. Kf1 Ke8 21. e4 dxe4 22. dxe4 Rxc1+ 23. Rxc1 a5 24. bxa5 Rxa5 25. Rc8+ Kd7 26. Rc3 Nc5 27. Nd2 Rb5 28. Bc1 Bd8 29. Rc4 Ne6 30. a4 Rc5 31. Ba3 Rxc4 32. Nxc4 Ng5 33. Nd2 Ba5 34. Nb3 Bc3 35. Ke2 Ne6 36. Nc5+ Nxc5 37. Bxc5 g6 38. Kd3 Ba5 39. Kc4 Kc6 40. f3 Bd8 41. Ba3 f5 42. Bb2 Bc7 43. Bc3 fxe4 44. fxe4 Bd6 45. Bd2 Be7 46. Be3 h5 47. Bd2 Bd8 48. Bc3 Bc7 49. Bb2 Bd6 50. Ba1 Bc7 51. Bc3 Bd6 52. Ba5 Be7 53. Bd2 Bd8 54. Bh6 Bb6 55. Bg7 Bd4 56. Bf6 Ba1 57. Be7 Bd4 58. Bf6 Ba1 1/2-1/2

[Event "Polish University-ch Open 2024"]
[Site "Lublin"]
[Date "2024.02.24"]
[Round "7.11"]
[White "Golenia, Jan"]
[Black "Babiarz, Arkadiusz"]
[Result "1-0"]
[ECO "D31"]
[WhiteElo "2221"]
[BlackElo "2159"]
[Annotator "RC"]
[PlyCount "83"]
[EventDate "2024.02.22"]
[EventType "swiss"]
[EventCountry "POL"]
[SourceTitle "playchess.com"]
[Source "ChessBase"]
[SourceQuality "1"]
[TimeControl "600+3"]

1. c4 c6 2. d4 d5 3. Nc3 e6 4. Nf3 dxc4 5. a4 Bb4 6. e4 b5 7. Bd2 Bxc3 8. Bxc3 a5 9. axb5 cxb5 10. b3 Bb7 11. bxc4 b4 12. Qb1 f5 13. d5 Nf6 14. Ng5 Qe7 15. Bxf6 Qxf6 16. Nxe6 Qc3+ 17. Kd1 Qe5 18. f4 Qd6 19. e5 Qe7 20. Qxf5 g6 21. Qd3 Bc8 22. Nd4 Na6 23. Nc6 Nc5 24. Qe3 Qf8 25. Rxa5 Rxa5 26. Nxa5 Ba6 27. d6 Na4 28. g3 Nc3+ 29. Kc2 Qf5+ 30. Bd3 Qd7 31. Ra1 O-O 32. Qb6 Qh3 33. Qxb4 Qxh2+ 34. Kxc3 Qxg3 35. Nc6 Rxf4 36. Rxa6 Qe1+ 37. Kb3 Qd1+ 38. Bc2 Rf3+ 39. Kb2 Rf2 40. Qc3 Qg4 41. Qd4 Qg2 42. Qd5+ 1-0

[Event "Polish University-ch Open 2024"]
[Site "Lublin"]
[Date "2024.02.24"]
[Round "7.12"]
[White "Niedbala, Bartlomiej"]
[Black "Bartkiewicz, Pawel"]
[Result "1-0"]
[ECO "A07"]
[WhiteElo "2382"]
[BlackElo "1910"]
[Annotator "RC"]
[PlyCount "80"]
[EventDate "2024.02.22"]
[EventType "swiss"]
[EventCountry "POL"]
[SourceTitle "playchess.com"]
[Source "ChessBase"]
[SourceQuality "1"]
[TimeControl "600+3"]

1. Nf3 d5 2. g3 Nf6 3. Bg2 c6 4. O-O Bf5 5. d3 h6 6. Nbd2 e6 7. b3 Be7 8. Bb2 O-O 9. Qe1 a5 10. a3 Na6 11. Rd1 Bh7 12. e4 Qb6 13. Rb1 Qc7 14. Be5 Qc8 15. Bb2 a4 16. b4 c5 17. b5 Nb8 18. c4 dxe4 19. dxe4 Nbd7 20. Rd1 Nb6 21. Qe2 Rd8 22. Rfe1 Ne8 23. Ne5 f6 24. Nd3 Qc7 25. Nf4 Qc8 26. Bh3 Nc7 27. Nh5 Bg6 28. Nf4 Bf7 29. Bc3 Qd7 30. Nd5 Nbxd5 31. exd5 Qe8 32. dxe6 Bg6 33. Nf3 b6 34. Nh4 Bh7 35. Bg2 Rxd1 36. Rxd1 Rd8 37. Bc6 Qf8 38. Bd7 f5 39. Nf3 f4 40. Ne5 Ra8 1-0

[Event "Polish University-ch Open 2024"]
[Site "Lublin"]
[Date "2024.02.24"]
[Round "7.13"]
[White "Posluszny, Tomasz"]
[Black "Molenda, Marcin"]
[Result "1-0"]
[ECO "D43"]
[WhiteElo "2001"]
[BlackElo "2377"]
[Annotator "RC"]
[PlyCount "79"]
[EventDate "2024.02.22"]
[EventType "swiss"]
[EventCountry "POL"]
[SourceTitle "playchess.com"]
[Source "ChessBase"]
[SourceQuality "1"]
[TimeControl "600+3"]

1. d4 Nf6 2. Nf3 d5 3. c4 e6 4. Nc3 c6 5. Qd3 Nbd7 6. e4 dxe4 7. Nxe4 Nxe4 8. Qxe4 Nf6 9. Qe3 Bb4+ 10. Bd2 Bxd2+ 11. Qxd2 Ne4 12. Qc2 Qa5+ 13. Nd2 Nxd2 14. Qxd2 Qxd2+ 15. Kxd2 Ke7 16. Be2 Rd8 17. Kc3 Bd7 18. Rhd1 Be8 19. Bf3 g5 20. g3 Rac8 21. Rac1 Rc7 22. Rc2 f5 23. Re2 Kf6 24. b3 Bf7 25. Red2 Rcd7 26. b4 h5 27. a4 h4 28. b5 cxb5 29. axb5 Rc7 30. c5 Be8 31. Kb4 a6 32. b6 Rh7 33. c6 Bxc6 34. Bxc6 bxc6 35. Kc5 Rc8 36. Rb2 Rd7 37. b7 Rb8 38. Kxc6 Ke7 39. Ra1 Kd8 40. Rxa6 1-0